 Dungeon Crawl Stone Soup version 0.30.1-3-gfc49f6343a (webtiles) character file.

Game seed: 9925507166461774129

253347 cdecastro the Bludgeoner (level 18, 0/174 HPs)
             Began as an Armataur Warper on July 26, 2023.
             Was a High Priest of Ashenzari.
             Slain by a vampire knight
             ... wielding a +0 bardiche
              (12 damage)
             ... on level 2 of the Depths on July 27, 2023.
             The game lasted 03:38:19 (62557 turns).

cdecastro the Bludgeoner (Armataur Warper)         Turns: 62557, Time: 03:38:20

Health: 0/174      AC: 30    Str: 26    XL:     18   Next: 99%
Magic:  2/29       EV: 11    Int: 24    God:    Ashenzari [*****.]
Gold:   1530       SH: 11    Dex:  7    Spells: 1/31 levels left

rFire   + + .        S - +7 demon whip (vamp)
rCold   + + .        H - +0 kite shield "Behold Eternity" {Bglg, Alch} (curse)
rNeg    + . .        b - +4 ring mail of Ashenzari's Black Moon {Regen+ Str+2 Int+3, Evo, Melee} (curse)
rPois   .            h - +2 helmet of the Perceptive Sybil {SInv, Elem, Fort} (curse)
rElec   .            X - scarf "Share My Gnosis" {rC+ rF+, Evo, Range} (curse)
rCorr   .            i - +2 pair of gloves of Ashenzari's Yoke {hurl, Fort, Comp} (curse)
SInv    +            m - +4 barding of Ashenzari's Blue Moon {rC+, Bglg, Range} (curse)
Will    +....        T - amulet of Curses and Power {rN+ Regen+, Bglg, Elem} (curse) Stlth
                     o - +4 ring of slaying
HPRegen 2.09/turn    P - ring of Ashenzari's Suspicion {rF+ EV+5 Str+3 Int+6 Dex-5, Evo, Melee} (curse)
MPRegen 0.21/turn

%: clarity, roll
@: no status effects
A: large, rugged brown scales 3, deformed body, armoured tail, roll, long
tongue, awkward tongue
}: 2/15 runes: decaying, serpentine
a: Renounce Religion, Curse Item, Shatter the Chains


You were on level 2 of the Depths.
You worshipped Ashenzari.
Ashenzari was extremely pleased with you.
You visited 8 branches of the dungeon, and saw 35 of its levels.
You visited 1 bazaar.
You also visited: Ice Cave.

You collected 4132 gold pieces.
You spent 2602 gold pieces at shops.

Inventory:

Hand Weapons
 S - a +7 vampiric demon whip (weapon)
Missiles
 d - 12 boomerangs of dispersal
 k - 3 datura-tipped darts
 t - 25 boomerangs (quivered)
 C - 6 poisoned darts
 V - 5 javelins
Armour
 b - the cursed +4 ring mail of Ashenzari's Black Moon (worn) {Regen+ Str+2 Int+3, Evo, Melee}
   (You bought it in a shop on level 2 of the Orcish Mines)

   Str:       It affects your strength (+2).
   Int:       It affects your intelligence (+3).
   Regen:     It increases your rate of health regeneration.
   It has a curse which improves the following skills: Evocations: Evocations.
   Melee Combat: Short Blades, Long Blades, Axes, Maces & Flails, Polearms,
   Staves and Unarmed Combat.
 h - the cursed +2 helmet of the Perceptive Sybil (worn) {SInv, Elem, Fort}
   (You found it on level 2 of the Lair of Beasts)

   It has a curse which improves the following skills: Elements: Fire Magic, Ice
   Magic, Air Magic and Earth Magic.
   Fortitude: Armour and Shields.
 i - the cursed +2 pair of gloves of Ashenzari's Yoke (worn) {hurl, Fort, Comp}
   (You found it in an ice cave)

   It has a curse which improves the following skills: Fortitude: Armour and
   Shields.
   Companions: Summonings and Necromancy.
 m - the cursed +4 barding of Ashenzari's Blue Moon (worn) {rC+, Bglg, Range}
   (You acquired it on level 5 of the Dungeon)

   It has a curse which improves the following skills: Beguiling: Conjurations,
   Hexes and Translocations.
   Ranged Combat: Ranged Weapons and Throwing.
 H - the cursed +0 kite shield "Behold Eternity" (worn) {Bglg, Alch}
   (You found it on level 5 of the Lair of Beasts)

   It has a curse which improves the following skills: Beguiling: Conjurations,
   Hexes and Translocations.
   Alchemy:   Poison Magic and Transmutations.
 X - the cursed scarf "Share My Gnosis" (worn) {rC+ rF+, Evo, Range}
   (You found it on level 5 of the Lair of Beasts)

   It has a curse which improves the following skills: Evocations: Evocations.
   Ranged Combat: Ranged Weapons and Throwing.
Jewellery
 o - a +4 ring of slaying (left hand)
 q - a ring of willpower
 P - the cursed ring of Ashenzari's Suspicion (right hand) {rF+ EV+5 Str+3 Int+6 Dex-5, Evo, Melee}
   (You took it off an orc sorcerer on level 10 of the Dungeon)

   [ring of evasion]

   EV:        It affects your evasion (+5).
   Str:       It affects your strength (+3).
   Int:       It affects your intelligence (+6).
   Dex:       It affects your dexterity (-5).
   rF:        It protects you from fire.
   It has a curse which improves the following skills: Evocations: Evocations.
   Melee Combat: Short Blades, Long Blades, Axes, Maces & Flails, Polearms,
   Staves and Unarmed Combat.
 R - a ring of poison resistance
 T - the cursed amulet of Curses and Power (around neck) {rN+ Regen+, Bglg, Elem}
   (You found it on level 10 of the Dungeon)

   [amulet of regeneration]

   rN:        It protects you from negative energy.
   Regen:     It increases your rate of health regeneration.
   It has a curse which improves the following skills: Beguiling: Conjurations,
   Hexes and Translocations.
   Elements:  Fire Magic, Ice Magic, Air Magic and Earth Magic.
 Z - a ring of resist corrosion
Wands
 a - a wand of mindburst (23)
 s - a wand of paralysis (18)
 B - a wand of digging (17)
 E - a wand of quicksilver (21)
 F - a wand of polymorph (11)
 O - a wand of iceblast (26)
Scrolls
 c - 11 scrolls of blinking
 f - 6 scrolls of fear
 j - 4 scrolls of fog
 l - 4 scrolls of summoning
 p - 2 scrolls of magic mapping
 x - 3 scrolls of immolation
 y - 18 scrolls of teleportation
 A - 5 scrolls of silence
 L - 7 scrolls of poison
 M - a scroll of torment
 W - 5 scrolls of vulnerability
Potions
 n - 4 potions of might
 r - 13 potions of curing
 u - 4 potions of cancellation
 v - 4 potions of magic
 w - 5 potions of heal wounds
 z - 6 potions of attraction
 G - 3 potions of flight
 I - a potion of resistance
 J - 4 potions of invisibility
 K - 6 potions of haste
 N - 4 potions of berserk rage
 Y - 2 potions of brilliance
Miscellaneous
 e - a condenser vane
 g - a phantom mirror
 D - a phial of floods
 Q - a box of beasts
 U - a lightning rod (4/4)


   Skills:
 - Level 15.0 Fighting
 - Level 18.3(21.2) Maces & Flails
 - Level 9.2(12.4) Throwing
 - Level 11.9(15.0) Armour
 - Level 1.3 Dodging
 + Level 9.4(12.6) Shields
 - Level 7.3 Spellcasting
 - Level 13.9(18.0) Translocations
 - Level 10.9(15.0) Evocations


You had one spell level left.
You knew the following spells:

 Your Spells              Type           Power      Damage    Failure   Level
a - Blink                 Tloc           100%       N/A       0%          2
b - Teleport Other        Tloc           77%        N/A       1%          3
c - Manifold Assault      Tloc           77%        N/A       1%          4
d - Vhi's Electric Charg  Tloc/Air       100%       N/A       1%          3
e - Passage of Golubria   Tloc           77%        N/A       1%          4
f - Gell's Gravitas       Tloc           77%        N/A       1%          3
g - Dispersal             Tloc           38%        N/A       1%          6
h - Summon Forest         Summ/Tloc      26%        N/A       9%          5

Your spell library contained the following spells:

 Spells                   Type           Power      Damage    Failure   Level
 Apportation              Tloc           100%       N/A       0%          1
 Kiss of Death            Conj/Necr      40%        2d8       12%         1
 Beastly Appendage        Tmut           20%        N/A       13%         1
 Sting                    Tmut/Pois      40%        1d5       13%         1
 Summon Small Mammal      Summ           40%        N/A       13%         1
 Lesser Beckoning         Tloc           100%       N/A       0%          2
 Momentum Strike          Conj/Tloc      100%       3d10      1%          2
 Volatile Blastmotes      Fire/Tloc      100%       2d18      1%          3
 Cigotuvi's Dreadful Rot  Necr/Pois/Air  20%        N/A       19%         2
 Passwall                 Tmut/Erth      8%         N/A       19%         2
 Poisonous Vapours        Pois/Air       20%        N/A       19%         2
 Scorch                   Fire           20%        2d5       19%         2
 Sublimation of Blood     Necr           10%        N/A       19%         2
 Wereblood                Tmut           10%        N/A       19%         2
 Confusing Touch          Hex            11%        N/A       32%         3
 Tukima's Dance           Hex            11%        N/A       32%         3
 Frozen Ramparts          Ice            20%        1d4       34%         3
 Ozocubu's Armour         Ice            10%        N/A       34%         3
 Summon Guardian Golem    Hex/Summ       10%        N/A       34%         3
 Call Canine Familiar     Summ           10%        N/A       36%         3
 Ignite Poison            Fire/Tmut/Pois 10%        N/A       36%         3
 Spider Form              Tmut/Pois      10%        N/A       36%         3
 Vampiric Draining        Necr           10%        2d6       36%         3
 Cause Fear               Hex            5%         N/A       73%         4
 Anguish                  Hex/Necr       5%         N/A       75%         4
 Flame Wave               Conj/Fire      11%        2d6       75%         4
 Leda's Liquefaction      Hex/Erth       5%         N/A       75%         4
 Sticky Flame             Conj/Fire      11%        2d3       75%         4
 Animate Dead             Necr           10%        N/A       77%         4
 Dispel Undead            Necr           10%        3d9       77%         4
 Ice Form                 Ice/Tmut       10%        N/A       77%         4
 Olgreb's Toxic Radiance  Pois           10%        N/A       77%         4
 Petrify                  Tmut/Erth      10%        N/A       77%         4
 Summon Ice Beast         Ice/Summ       10%        N/A       77%         4
 Malign Gateway           Summ/Tloc      26%        N/A       95%         7
 Freezing Cloud           Conj/Ice/Air   5%         6-21      97%         5
 Lee's Rapid Deconstruct  Erth           5%         3d6*      97%         5
 Metabolic Englaciation   Hex/Ice        5%         N/A       97%         5
 Summon Mana Viper        Hex/Summ       10%        N/A       97%         5
 Yara's Violent Unravell  Hex/Tmut       5%         3d4       97%         5
 Death Channel            Necr           5%         N/A       100%        6
 Simulacrum               Ice/Necr       5%         N/A       100%        6
 Statue Form              Tmut/Erth      6%         N/A       100%        6
 Summon Cactus Giant      Summ           5%         N/A       100%        6
 Enfeeble                 Hex            5%         N/A       100%        7
 Haunt                    Necr/Summ      5%         N/A       100%        7
 Summon Hydra             Summ           5%         N/A       100%        7
 Borgnjor's Revivificati  Necr           5%         N/A       100%        8
 Ignition                 Fire           5%         3d4       100%        8
 Infestation              Necr           5%         N/A       100%        8
 Necromutation            Tmut/Necr      5%         N/A       100%        8
 Death's Door             Necr           5%         N/A       100%        9


Dungeon Overview and Level Annotations

Branches:
Dungeon (15/15)            Temple (1/1) D:5            Lair (5/5) D:9
  Swamp (4/4) Lair:2        Snake (4/4) Lair:2        Slime (0/5) Lair:5
    Orc (2/2) D:10            Elf (2/3) Orc:2        Vaults (0/5) D:13
 Depths (2/4) D:15          IceCv (visited)

Altars:
Ashenzari
Cheibriados
Dithmenos
Elyvilon
Fedhas
Gozag
Hepliaklqana
Kikubaaqudgha
Makhleb
Nemelex Xobeh
Okawaru
Qazlal
Ru
Sif Muna
Trog
Uskayaw
Vehumet
Wu Jian
Xom
Yredelemnul
Zin
The Shining One
Jiyva

Shops:
D:2 =   D:10 =   Orc:2 [(***[   Elf:1 ?[   Elf:2 [   Snake:1 =:=

Portals:
Hell: Depths:1 Depths:2
Abyss: Depths:1
Pandemonium: Depths:2
Ziggurat: Depths:2

Annotations:
Swamp:4 exclusion: bone dragon
Orc:1 1 runed translucent door, Fazecur's ghost, journeyman HOGl
Elf:1 pearl dragon need shatter, 6 runed translucent doors
Elf:2 5 runed translucent doors


Innate Abilities, Weirdness & Mutations

You are completely covered in rugged brown scales. (AC +3, +7% HP)
Armour fits poorly on your strangely shaped body.
You have a long armoured tail.
You roll when moving toward enemies. (Rampage)
Your long tongue fully drains potion bottles. (2x potion effects)
Your tongue gives you trouble enunciating. (1.5x scroll delay)


Message History

* * * LOW HITPOINT WARNING * * *
The vampire knight bites you but does no damage.
You block the spriggan defender's attack.
The spriggan rider misses you. The spriggan air mage hits you.
* * * LOW HITPOINT WARNING * * *
You barely miss the spriggan defender.
Your tail-slap misses the spriggan defender.
The spriggan defender is lightly wounded.
The spriggan defender hits you with a +1 flail of protection.
* * * LOW HITPOINT WARNING * * *
You block the vampire knight's attack. x2
The phantasmal warrior gestures at you.
The phantasmal warrior blinks!
The spriggan rider hits you but does no damage.
You closely miss the spriggan defender.
The spriggan defender is lightly wounded.
The spriggan defender hits you with a +1 flail of protection!!
* * * LOW HITPOINT WARNING * * *
You block the vampire knight's attack.
The vampire knight bites you but does no damage.
The spriggan air mage barely misses you.
You miss the spriggan defender.
Your tail-slap misses the spriggan defender.
The spriggan defender is lightly wounded.
The spriggan defender hits you with a +1 flail of protection.
* * * LOW HITPOINT WARNING * * *
You block the vampire knight's attack. x2
You block the spriggan rider's attack.
Press: ? - help, v - describe, . - travel, g - get item
Here: a spriggan defender, wielding a +1 flail of protection, wearing a +0 robe and wearing a +0 buckler (lightly wounded)
Items here: a +0 quarterstaff; a +0 animal skin.
The floor, spattered with blood.
Unknown command.
You whack the spriggan defender!
The spriggan defender is lightly wounded.
The spriggan defender hits you with a +1 flail of protection!!
* * * LOW HITPOINT WARNING * * *
The spriggan air mage barely misses you.
The vampire knight hits you with a +0 bardiche!
You die...

....#..#............ , *
.....#####.........,, * ,***
* .....#...#....###'#### .,
* ,
....##.∩.##...##.....#*...,,
, .....#...#..W........#....
,,
...#.#####...........'....,,
,,
#####..#........T....#....,,
, * ...##..........Vii...# .
* , ,
...#.........{##@)i..#*,{ *
, , ...#........., #######
,, , ...#......... , ,,,,, ,
* , ##..#........ ,, , , , *
.#....#######** ** * **** **
* .#....# * * *** ** , ,,,
,, .#....#* ** , * , , ,
.#....#*, * , ,, * , ,, , ,,
##....# ,, *, * , , { , ,


You could see a vampire knight (fast, invisible), a spriggan defender, a
spriggan rider, a spriggan air mage (repels missiles), a phantasmal warrior and
a deep troll earth mage.

Vanquished Creatures
  A caustic shrike (Depths:2)
  A bone dragon (Depths:1)
  Jorgrun (D:15)
  A walking crystal tome (Depths:2)
  A tentacled monstrosity (Depths:2)
  A lich (Depths:2)
  Mlioglotl (Swamp:2)
  Gastronok (Lair:3)
  An eldritch tentacle (Elf:2)
  3 azure jellies (IceCv)
  2 fire giants
  5 nagarajas
  A rockslime (IceCv)
  A deep elf sorcerer (Elf:1)
  A frost giant (Depths:2)
  A quicksilver ooze (shapeshifter) (Elf:1)
  A spriggan defender (Depths:1)
  3 stone giants (Depths:2)
  A juggernaut skeleton (Depths:1)
  4 quicksilver oozes (IceCv)
  2 deep elf demonologists
  2 eleionomae
  A dire elephant (D:15)
  A deep elf annihilator (Elf:1)
  A bunyip (Swamp:1)
  Snorg (D:11)
  An ettin (Depths:2)
  A blizzard demon (Depths:1)
  2 fire dragons (Depths:2)
  2 deep elf high priests (Elf:1)
  16 hydras
  2 salamander tyrants (Snake:4)
  7 ghost crabs
  A spriggan zombie (Depths:2)
  An ice dragon (Depths:1)
  A spriggan skeleton (Depths:1)
  An ogre mage (Depths:1)
  A juggernaut simulacrum (Depths:2)
  A caustic shrike simulacrum (Depths:1)
  2 two-headed ogres
  2 boulder beetles
  9 anacondas
  13 dancing weapons
  3 centaur warriors
  7 naga warriors
  8 alligators
  8 death yaks
  2 deep troll shamans
  A spriggan berserker (Depths:2)
  3 tengu warriors
  9 orc high priests
  11 naga sharpshooters
  A deep troll earth mage (Depths:1)
  4 spriggans
  A sun demon (Depths:2)
  17 deep elf knights
  Amaemon (Lair:2)
  3 salamander mystics
  3 skeletal warriors
  A titan skeleton (Depths:1)
  A flayed ghost (Depths:2)
  2 skysharks (Lair:4)
  4 deep trolls (Depths:1)
  4 naga ritualists
  4 goliath frogs
  4 iron trolls (Depths:1)
  11 deep elf archers
  2 spriggan druids
  5 bog bodies
  3 wizards
  3 swamp dragons
  3 spectral hydras (Swamp:4)
  A lindwurm (Lair:4)
  A phantasmal warrior (Depths:2)
  5 necromancers
  4 orc knights
  9 mana vipers
  23 deep elf pyromancers
  14 deep elf zephyrmancers
  11 ugly things
  4 orc sorcerers
  A wolf spider (D:15)
  An oklob plant (Lair:4)
  2 will-o-the-wisps (Swamp:3)
  6 guardian serpents (Snake:4)
  3 manticores
  7 salamanders
  5 elephants
  5 cyclopes
  31 black mambas
  26 slime creatures
  4 molten gargoyles (Elf:1)
  21 cane toads
  A stone giant skeleton (Depths:2)
  An orange demon (Lair:2)
  A titan simulacrum (Depths:1)
  7 naga magi
  3 torpor snails
  4 unseen horrors
  A gargoyle (D:11)
  3 swamp worm zombies (Swamp:4)
  10 komodo dragons
  A yaktaur (D:15)
  A freezing wraith (D:15)
  An efreet (D:14)
  A kobold demonologist (D:10)
  3 hydra zombies (Swamp:4)
  A tengu conjurer (Depths:2)
  8 trolls
  A tengu simulacrum (Depths:1)
  2 bloated husks
  3 meliai (D:13)
  A polar bear (Lair:4)
  4 hornets
  A tarantella (shapeshifter) (Elf:2)
  9 tyrant leeches
  3 alligator zombies (Swamp:4)
  5 dream sheep (Lair:4)
  27 blink frogs
  A dream sheep (shapeshifter) (D:15)
  A jumping spider (Elf:2)
  2 spectral swamp dragons (Swamp:4)
  2 air elementals (Elf:1)
  A centaur simulacrum (D:14)
  A shadow (D:11)
  A water elemental (Elf:1)
  4 fire elementals (Elf:1)
  2 wraiths
  49 yaks
  A vampire (D:11)
  3 wyverns
  5 basilisks
  Eustachio (Temple)
  5 steam dragons
  Menkaure (D:4)
  14 swamp worms
  7 wargs
  26 vampire mosquitoes
  31 nagas
  2 acid dragons
  2 spatial vortices (Elf:2)
  Edmund (D:6)
  11 water moccasins
  28 orc warriors
  2 ice beasts
  4 great orb of eyes simulacra (IceCv)
  4 ogres
  3 black bears
  10 centaurs
  20 wolves
  4 swamp dragon zombies (Swamp:4)
  4 phantoms
  4 kobold brigands
  7 slime creature simulacra (IceCv)
  A gnoll sergeant (Orc:1)
  12 bullfrogs
  3 small abominations (Depths:1)
  3 earth elementals
  4 glowing shapeshifter simulacra (IceCv)
  3 scorpions
  14 wights
  13 killer bees
  12 howler monkeys
  5 electric eels
  A lava snake (Elf:1)
  6 hounds
  5 jellies
  4 gnoll boudas
  43 orc priests
  Crazy Yiuf (D:4)
  3 sleepcaps
  2 iguanas
  30 orc wizards
  15 hell rats
  A swamp drake zombie (Swamp:4)
  14 gnolls
  8 adders
  2 river rats (D:9)
  2 shadow imps (D:7)
  An ufetubus (D:6)
  A worm (D:2)
  3 dart slugs
  92 orcs
  4 endoplasms
  2 giant cockroaches
  9 goblins
  4 hobgoblins
  A jackal (D:2)
  6 quokkas
  7 ball pythons
  7 bats
  5 frilled lizards
  18 kobolds
  6 rats (D:1)
1156 creatures vanquished.

Vanquished Creatures (collateral kills)
  A spriggan berserker (Depths:1)
  An ugly thing (Depths:2)
2 creatures vanquished.

Vanquished Creatures (others)
  An eleionoma (Swamp:4)
  A ghost crab (Swamp:4)
  A deep elf zephyrmancer (Depths:1)
  4 bloated husks (Swamp:4)
  3 phantoms (Swamp:4)
  A gnoll (D:5)
  6 foxfires (Swamp:3)
17 creatures vanquished.

Grand Total: 1175 creatures vanquished

Notes
Turn   | Place    | Note
-------+----------+-------------------------------------------
     0 | D:1      | cdecastro the Armataur Warper began the quest for the Orb.
     0 | D:1      | Reached XP level 1. HP: 18/18 MP: 3/3
   157 | D:1      | Reached XP level 2. HP: 15/25 MP: 4/4
   286 | D:1      | Got Urolui Wuluc's Secrets of Changing
   626 | D:1      | Reached XP level 3. HP: 31/31 MP: 5/5
   720 | D:1      | Found a faded altar of an unknown god.
   725 | D:1      | Prayed at the altar of an unknown god.
   725 | D:1      | Became a worshipper of Ashenzari the Shackled
  1126 | D:2      | Found Qufuherch's Jewellery Shop.
  1241 | D:2      | Learned a level 2 spell: Blink
  1245 | D:2      | Learned a level 3 spell: Teleport Other
  1557 | D:2      | Reached * piety under Ashenzari
  1681 | D:3      | Reached XP level 4. HP: 37/38 MP: 6/6
  1713 | D:3      | Found a shimmering altar of Xom.
  1714 | D:3      | Found a broken altar of Ashenzari.
  1764 | D:3      | Identified a scroll of acquirement
  1906 | D:3      | Found a radiant altar of Vehumet.
  1957 | D:3      | Reached skill level 5 in Translocations
  1963 | D:3      | Reached ** piety under Ashenzari
  2780 | D:4      | Noticed a phantom
  2875 | D:4      | Noticed Menkaure
  3042 | D:4      | Reached XP level 5. HP: 23/43 MP: 7/7
  3456 | D:5      | Entered Level 5 of the Dungeon
  3526 | D:5      | Found a shimmering blue altar of Sif Muna.
  3528 | D:5      | Found a burning altar of Makhleb.
  3588 | D:5      | Acquired a +1 barding of cold resistance
  3751 | D:5      | Found a staircase to the Ecumenical Temple.
  3754 | D:5      | Noticed a black bear
  3767 | D:5      | Killed a black bear
  3768 | D:5      | Reached XP level 6. HP: 41/51 MP: 8/8
  3776 | Temple   | Entered the Ecumenical Temple
  4087 | D:5      | Reached *** piety under Ashenzari
  4242 | D:5      | Learned a level 4 spell: Manifold Assault
  4316 | D:5      | Noticed Eustachio
  4612 | D:3      | Reached XP level 7. HP: 47/56 MP: 9/11
  4759 | D:4      | Found a runed translucent door.
  4760 | D:4      | Noticed Crazy Yiuf
  4988 | D:4      | Killed Menkaure
  5671 | D:5      | Found a shadowy altar of Dithmenos.
  5834 | D:5      | Reached skill level 5 in Spellcasting
  5838 | D:5      | Learned a level 3 spell: Vhi's Electric Charge
  6017 | D:5      | Reached XP level 8. HP: 40/64 MP: 15/15
  6726 | Temple   | Killed Eustachio
  6798 | D:5      | Reached skill level 2 in Maces & Flails
  6858 | D:5      | Found an ornate altar of the Wu Jian Council.
  7172 | D:6      | Reached **** piety under Ashenzari
  7272 | D:6      | Reached skill level 3 in Maces & Flails
  7274 | D:6      | Noticed Edmund
  7641 | D:6      | Reached skill level 4 in Maces & Flails
  8076 | D:7      | Reached skill level 5 in Maces & Flails
  8460 | D:7      | Found a glowing silver altar of Zin.
  8497 | D:7      | Reached skill level 6 in Maces & Flails
  8600 | D:7      | Found a sparkling altar of Nemelex Xobeh.
  8638 | D:6      | Reached XP level 9. HP: 71/71 MP: 16/16
  9161 | D:7      | Found a bloodstained altar of Trog.
  9184 | D:7      | Reached skill level 7 in Maces & Flails
  9886 | D:8      | Reached skill level 8 in Maces & Flails
 10202 | D:8      | Noticed a two-headed ogre
 10552 | D:8      | Reached skill level 9 in Maces & Flails
 11385 | D:9      | Noticed a death yak
 11429 | D:9      | Noticed a death yak
 11565 | D:8      | Reached skill level 10 in Maces & Flails
 11697 | D:8      | Reached XP level 10. HP: 66/78 MP: 12/17
 13183 | D:9      | Noticed a skeletal warrior
 13198 | D:9      | Noticed a skeletal warrior
 13366 | D:8      | Killed a two-headed ogre
 13367 | D:8      | Reached skill level 11 in Maces & Flails
 13786 | D:9      | Noticed a skeletal warrior
 14449 | D:9      | Noticed a death yak
 14474 | D:8      | Killed a death yak
 14475 | D:8      | Reached skill level 12 in Maces & Flails
 14820 | D:8      | Killed a death yak
 14821 | D:8      | Reached skill level 1 in Throwing
 14958 | D:8      | Killed a death yak
 15168 | D:9      | Found a staircase to the Lair.
 15208 | D:9      | Reached XP level 11. HP: 61/84 MP: 2/18
 15700 | D:10     | Entered Level 10 of the Dungeon
 15712 | D:10     | Found a snail-covered altar of Cheibriados.
 16289 | D:10     | Noticed a necromancer
 16289 | D:10     | Identified the amulet of Dicabutz {rN+ Regen+}
 16290 | D:10     | Noticed a centaur warrior
 16305 | D:10     | Killed a necromancer
 16307 | D:10     | Identified the +10 arbalest of the Dwarven Hall {freeze,
                  | *Corrode rC++ Str-4 SInv}
 16804 | D:9      | Killed a skeletal warrior
 17234 | D:9      | Killed a skeletal warrior
 17235 | D:9      | Reached skill level 5 in Fighting
 17311 | D:10     | Found Ytio's Jewellery Shoppe.
 17719 | D:10     | Found a staircase to the Orcish Mines.
 17723 | D:10     | Found a hide-covered altar of Uskayaw.
 17762 | D:10     | Learned a level 4 spell: Passage of Golubria
 17826 | D:10     | Killed a centaur warrior
 18127 | D:10     | Noticed a deep elf pyromancer
 18143 | D:10     | Killed a deep elf pyromancer
 18269 | D:10     | Reached skill level 5 in Armour
 18333 | D:10     | Identified the ring of Nupej {rF+ EV+5 Str+3 Int+6 Dex-5}
 18333 | D:10     | Noticed an orc sorcerer
 18343 | D:10     | Killed an orc sorcerer
 18869 | D:11     | Reached skill level 5 in Throwing
 18902 | D:11     | Reached XP level 12. HP: 94/107 MP: 19/19
 19289 | D:11     | Noticed Snorg
 19302 | D:11     | Killed Snorg
 20036 | Lair:1   | Entered Level 1 of the Lair of Beasts
 20254 | Lair:1   | Noticed an eight-headed hydra
 20312 | Lair:1   | Killed an eight-headed hydra
 20639 | Lair:1   | Found a basalt altar of Yredelemnul.
 21225 | Lair:2   | Found a staircase to the Swamp.
 22056 | Lair:2   | Noticed Amaemon
 22071 | Lair:2   | Killed Amaemon
 22159 | Lair:2   | Reached skill level 13 in Maces & Flails
 22477 | Lair:2   | Found a staircase to the Snake Pit.
 22805 | Lair:3   | Reached ***** piety under Ashenzari
 23030 | Lair:3   | Noticed Gastronok
 23079 | Lair:3   | Killed Gastronok
 23387 | Lair:3   | Reached XP level 13. HP: 114/114 MP: 12/20
 24107 | Lair:3   | Reached skill level 14 in Maces & Flails
 24559 | Lair:3   | Learned a level 3 spell: Gell's Gravitas
 24982 | Lair:4   | Reached skill level 10 in Translocations
 26390 | Lair:5   | Entered Level 5 of the Lair of Beasts
 26937 | Lair:5   | Reached XP level 14. HP: 124/124 MP: 3/23
 28448 | Lair:4   | Learned a level 6 spell: Dispersal
 29233 | Lair:5   | Reached skill level 1 in Shields
 29399 | Lair:5   | Found a viscous altar of Jiyva.
 29399 | Lair:5   | Found a staircase to the Slime Pits.
 30201 | D:4      | Killed Crazy Yiuf
 30355 | D:6      | Killed Edmund
 30579 | D:12     | Found a flickering gateway to a bazaar.
 30593 | Bazaar   | Entered a bazaar
 30593 | Bazaar   | Found Eckis's Weapon Shoppe.
 30593 | Bazaar   | Found Qotaifus's Weapon Boutique.
 30593 | Bazaar   | Found Damowk's Magic Scroll Shoppe.
 30593 | Bazaar   | Found Zamys's Assorted Antiques.
 30595 | Bazaar   | Found Pyimex's Armour Emporium.
 30595 | Bazaar   | Found Agatt's Distillery.
 30626 | Bazaar   | Bought 3 potions of heal wounds for 450 gold pieces
 30630 | Bazaar   | Bought 3 datura-tipped darts for 35 gold pieces
 30638 | Bazaar   | Bought a scroll of enchant armour for 60 gold pieces
 30638 | Bazaar   | Bought a scroll of enchant armour for 60 gold pieces
 30646 | Bazaar   | Bought a potion of cancellation for 104 gold pieces
 30646 | Bazaar   | Bought a potion of curing for 39 gold pieces
 30649 | Bazaar   | Bought a scroll of enchant armour for 225 gold pieces
 30995 | D:12     | Reached skill level 5 in Shields
 32659 | D:13     | Found a gate to the Vaults.
 33080 | D:14     | Found a frozen archway.
 33090 | IceCv    | Entered an ice cave
 33202 | IceCv    | Noticed a quicksilver ooze
 33214 | IceCv    | Killed a quicksilver ooze
 33852 | IceCv    | Reached skill level 1 in Evocations
 33988 | IceCv    | Noticed a quicksilver ooze
 33997 | IceCv    | Killed a quicksilver ooze
 33998 | IceCv    | Reached XP level 15. HP: 133/133 MP: 15/26
 34286 | IceCv    | Noticed a rockslime
 34392 | IceCv    | Killed a rockslime
 34599 | IceCv    | Found a viscous altar of Jiyva.
 34599 | IceCv    | Noticed an azure jelly
 34617 | IceCv    | Killed an azure jelly
 34618 | IceCv    | Reached skill level 15 in Maces & Flails
 34763 | IceCv    | Noticed an azure jelly
 34763 | IceCv    | Noticed an azure jelly
 34771 | IceCv    | Killed an azure jelly
 34776 | IceCv    | Killed an azure jelly
 34836 | IceCv    | Identified the +7 whip of Tuir {freeze, *Noise rElec rCorr
                  | SInv}
 35785 | D:14     | Found a blossoming altar of Fedhas.
 36070 | D:15     | Entered Level 15 of the Dungeon
 36497 | D:15     | Reached skill level 16 in Maces & Flails
 36552 | D:15     | Noticed Jorgrun
 36575 | D:15     | Killed Jorgrun
 37403 | D:15     | Found a staircase to the Depths.
 38104 | Orc:1    | Entered Level 1 of the Orcish Mines
 38374 | Orc:2    | Entered Level 2 of the Orcish Mines
 38641 | Orc:2    | Found a staircase to the Elven Halls.
 39511 | Orc:2    | Found Siqim's Specific Store.
 39525 | Orc:2    | Found Kunimixa's General Store.
 40530 | Orc:1    | Found a runed translucent door.
 40531 | Orc:1    | Noticed Fazecur's ghost (journeyman HOGl)
 41205 | Orc:2    | Reached skill level 17 in Maces & Flails
 42232 | Orc:2    | Found Rih Jian's General Store.
 42232 | Orc:2    | Found Ycumog's Antique Armour Shop.
 42242 | Orc:2    | Bought a potion of heal wounds for 55 gold pieces
 42297 | Orc:2    | Found Zutey's Armour Emporium.
 42297 | Orc:2    | Found Zuddonob's Antique Weapon Shop.
 42459 | Orc:2    | Bought the +4 ring mail of Irksome Creativity {Regen+ Str+2
                  | Int+3} for 622 gold pieces
 42502 | Orc:2    | Bought a phantom mirror for 440 gold pieces
 43480 | Swamp:1  | Entered Level 1 of the Swamp
 44896 | Swamp:2  | Reached XP level 16. HP: 141/141 MP: 27/27
 46431 | Swamp:3  | Noticed Mlioglotl
 46982 | Swamp:4  | Entered Level 4 of the Swamp
 48186 | Swamp:4  | Reached skill level 18 in Maces & Flails
 48397 | Swamp:4  | Noticed a bone dragon
 48412 | Swamp:4  | Got a decaying rune of Zot
 48632 | Swamp:2  | Killed Mlioglotl
 48720 | Snake:1  | Entered Level 1 of the Snake Pit
 49215 | Snake:1  | Found Coip's Jewellery Emporium.
 49216 | Snake:1  | Found Ypriuc's Book Boutique.
 49217 | Snake:1  | Found Utasilio's Jewellery Emporium.
 49849 | Snake:1  | Reached skill level 5 in Evocations
 51257 | Snake:2  | Reached XP level 17. HP: 141/147 MP: 4/28
 51753 | Snake:3  | Identified the +0 dagger of the Messenger {antimagic,
                  | Dex+2}
 52459 | Snake:4  | Entered Level 4 of the Snake Pit
 54712 | Snake:4  | Identified the +2 robe of Magic {-Tele Regen+ rCorr}
 54876 | Snake:4  | Reached skill level 10 in Evocations
 55452 | Snake:4  | Reached skill level 10 in Fighting
 55488 | Snake:4  | Got a serpentine rune of Zot
 55601 | Snake:1  | Bought a ring of willpower for 400 gold pieces
 55774 | Elf:1    | Entered Level 1 of the Elven Halls
 56512 | Elf:1    | Identified the +0 leather armour of Wuamieg {Contam +Blink
                  | rC+ Int+2}
 56513 | Elf:1    | Found Plog's Armour Shop.
 57130 | Elf:1    | Found a runed translucent gate.
 57130 | Elf:1    | Found a runed translucent gate.
 57130 | Elf:1    | Found a runed translucent gate.
 57130 | Elf:1    | Found a runed translucent gate.
 57130 | Elf:1    | Found a runed translucent gate.
 57131 | Elf:1    | Found a runed translucent gate.
 57331 | D:11     | Reached XP level 18. HP: 166/166 MP: 25/29
 58096 | Elf:1    | Found Vihej's Magic Scroll Shop.
 58104 | Elf:1    | Bought a scroll of enchant weapon for 112 gold pieces
 58398 | Elf:2    | Identified the +1 morningstar "Poucw" {distort, Str+4}
 58680 | Elf:2    | Found Qurphy's Antique Armour Boutique.
 58807 | Elf:2    | Found a huge runed translucent gate.
 58807 | Elf:2    | Found a huge runed translucent gate.
 58807 | Elf:2    | Found a huge runed translucent gate.
 58809 | Elf:2    | Found a huge runed translucent gate.
 58810 | Elf:2    | Found a huge runed translucent gate.
 59070 | Elf:2    | Identified Sif Muna's Octavo of Wanderlust
 59111 | Elf:2    | Learned a level 5 spell: Summon Forest
 59574 | Depths:1 | Entered Level 1 of the Depths
 59686 | Depths:1 | Found a gateway to Hell.
 59955 | Depths:1 | Noticed a bone dragon
 59964 | Depths:1 | Identified the Directory of Evil Arts
 59975 | Depths:1 | Killed a bone dragon
 59997 | Depths:1 | Reached skill level 15 in Fighting
 60401 | Depths:1 | Found a one-way gate to the infinite horrors of the Abyss.
 60699 | Depths:2 | Noticed a tentacled monstrosity
 60813 | Depths:2 | Noticed a lich
 60827 | Depths:2 | Killed a lich
 61009 | Depths:2 | Noticed a caustic shrike
 61019 | Depths:2 | Killed a caustic shrike
 61020 | Depths:2 | Reached skill level 10 in Armour
 61125 | Depths:2 | Noticed a walking crystal tome
 61287 | Depths:2 | Killed a walking crystal tome
 61781 | Depths:2 | Found a one-way gateway to a ziggurat.
 61998 | Depths:2 | Found a one-way gate leading to the halls of Pandemonium.
 62301 | Depths:2 | Found a glowing golden altar of the Shining One.
 62395 | Depths:2 | Killed a tentacled monstrosity
 62504 | Depths:2 | Noticed an ancient lich
 62506 | Depths:2 | Identified the Excursus on Ghoulish Misfortune
 62557 | Depths:2 | Slain by a vampire knight

Illustrated notes

Levels and vault maps discovered:
D:1:      scummos_arrival_forest, layout_rooms,
          shapermc_ecumenical_altar_hornbeckon
D:2:      minmay_spotlight, layout_loops_ring, serial_shops, shop,
          minmay_surrounded
D:3:      layout_basic, mainiacjoe_overflow_tiny_flanked,
          mainiacjoe_overflow_divided_tiny
D:4:      layout_basic, uniq_menkaure, uniq_crazy_yiuf_cottage
D:5:      layout_layer_cave, nicolae_wu_jian_immortal_techniques,
          lemuel_tele_altar, jmf_multi_god_temple,
          minmay_temple_entry_stoned_glass, grunt_tough_drop, uniq_eustachio
D:6:      layout_basic, uniq_edmund
D:7:      layout_layer_cave, zin_academy, trog_butcher_becter,
          nemelex_xobeh_ov_fountains_minmay, serial_demonic, serial_demonic_g,
          serial_demonic_c, serial_demonic_c, serial_demonic_d
D:8:      layout_basic, centaur_isle
D:9:      layout_roguey, dpeg_lair_monsters, serial_bayou_pond_b
D:10:     minmay_the_grid_3x2 [minmay_the_grid_mess, minmay_the_grid_tri_star,
          minmay_the_grid_minigrid_large, minmay_the_grid_box_x,
          minmay_the_grid_odd_star, minmay_the_grid_prize_diamond_cup],
          layout_cave_pools, kennysheep_slug_shrine, kennysheep_mini_moat,
          orc_0_dummy, serial_shops, nicolae_shop_stone,
          nicolae_nh_ransacked_shop
D:11:     layout_gridville, uniq_snorg
D:12:     layout_stronghold, serial_shops, bzr_in_the_mist, serial_column_ruins,
          column_ruins_hut_water, column_ruins_hut, column_ruins_open_tiny,
          column_ruins_open_medium, column_ruins_grid_1,
          column_ruins_columns_straight, column_ruins_corridor_dead_end,
          column_ruins_grid_1, column_ruins_open_small,
          nicolae_fountain_basement
D:13:     layout_loops_ring, david_vaults_1, david_defended_altar_orc
D:14:     layout_basic, portal_ice_cave_entry_pillars_four, fedhas_altar_2
D:15:     hangedman_depths_entry_try_elsewhere_first, layout_grid_maze,
          uniq_jorgrun
Temple:   jpeg_temple_alley_garden
Lair:1:   layout_chaotic_city, basic_altar, serial_bayou_shore_a
Lair:2:   layout_gridlike, swamp_mist, nicolae_snake_entry_squirm,
          beast_lair_carwin_5, grunt_megastairs_5, uniq_amaemon
Lair:3:   nzn_winding_woodlands_medium [nzn_winding_woodlands_5x5_checkerboard,
          nzn_winding_woodlands_5x15_eye, nzn_winding_woodlands_hourglass,
          nzn_winding_woodlands_5x5_perimeter,
          nzn_winding_woodlands_center_lodge, nzn_winding_woodlands_5x5_default,
          nzn_winding_woodlands_5x5_open_star,
          nzn_winding_woodlands_5x15_parted, nzn_winding_woodlands_5x5_cross],
          layout_hall_layers, st_stairs_13, uniq_gastronok
Lair:4:   dpeg_oklob_gauntlet, layout_regular_city, dreamdust_gnoll_shepherd,
          infiniplex_staircase_pool
Lair:5:   minmay_lair_end_frog_pond, layout_long_grid,
          dpeg_slime_entry_enclosed, worms_lemuel
Swamp:1:  layout_basic_swamp, evilmike_swamp_ruin_house_2, swamp_pool4,
          hangedman_swamp_wriggling
Swamp:2:  layout_falls_marsh, nicolae_swamp_ascending_descending_big
Swamp:3:  layout_falls_marsh, evilmike_swamp_ruin_house_1, uniq_mlioglotl
Swamp:4:  swamp_pestilence, layout_basic_swamp, swamp_pool1
Snake:1:  layout_misc_corridors, minmay_shop_grove
Snake:2:  layout_misc_corridors, nicolae_snake_salamander_stairs
Snake:3:  layout_misc_corridors
Snake:4:  grunt_snake_rune_serpentine_throne, layout_gridlike
Orc:1:    layout_caves, hellmonk_ghost_happy_afterlife
Orc:2:    st_orc_town, layout_caves, nicolae_specific_store
Elf:1:    nicolae_elf_arrival_fired_up, layout_geoelf_diagonals, serial_shops,
          nicolae_shop_mannequins, nicolae_shop_tiny_waterfront, orc_legates,
          minivault_8
Elf:2:    elven_hall_of_blades_hangedman_alternative
          [nicolae_blade_entry_antechamber], layout_rooms, serial_shops, shop,
          hangedman_research_quantum
Depths:1: layout_small_grid, minmay_misc_feat_chi, hangedman_coc_ice_floe,
          abyss_entry, hangedman_research_thanatology
Depths:2: minmay_nested_s, layout_gridville, enter_ziggurat_d, hell_entry,
          grunt_pan_entry_spiral, special_room [special_room_magic_class],
          nicolae_tso_swordbearing_angel

Skill      XL: |  1  2  3  4  5  6  7  8  9 10 11 12 13 14 15 16 17 18 |
---------------+-------------------------------------------------------+-----
Translocations | 4 5 7 8 11 13 | 13.9
Spellcasting   | 2 5 6 7 |  7.3
Maces & Flails | 6 10 12 13 14 17 18 | 18.3
Throwing       | 4 5 8 9 |  9.2
Fighting       | 7 8 9 12 15 | 15.0
Armour         | 7 11 | 11.9
Shields        | 9 |  9.4
Evocations     | 2 3 7 10 | 10.9
Dodging        | |  1.3

Action                     |  1- 3 |  4- 6 |  7- 9 | 10-12 | 13-15 | 16-18 || total
---------------------------+-------+-------+-------+-------+-------+-------++-------
  Melee: Mace              |   129 |   160 |   693 |   148 |       |       ||  1130
         Tailslap          |    15 |    22 |    42 |    65 |   173 |   248 ||   565
         Punch             |       |     5 |     3 |     6 |     3 |       ||    17
         Flail             |       |       |       |   315 |       |       ||   315
         Demon whip        |       |       |       |   586 |  2123 |  2058 ||  4767
  Throw: Boomerang         |       |       |       |       |     4 |     9 ||    13
         Javelin           |       |       |       |       |       |     5 ||     5
   Cast: Teleport Other    |       |    14 |     8 |     9 |    10 |       ||    41
         Manifold Assault  |       |       |   189 |   397 |   766 |   338 ||  1690
         Vhi's Electric Ch |       |       |     3 |    15 |    26 |    27 ||    71
         Blink             |       |       |     1 |    17 |     7 |     4 ||    29
         Passage of Golubr |       |       |       |     2 |    13 |     5 ||    20
         Gell's Gravitas   |       |       |       |       |     2 |    27 ||    29
         Dispersal         |       |       |       |       |     2 |     5 ||     7
         Summon Forest     |       |       |       |       |       |     2 ||     2
 Invoke: Curse Item        |     2 |     3 |     2 |     2 |     5 |     2 ||    16
         Shatter the Chain |       |       |       |     1 |     6 |     1 ||     8
  Evoke: Wand              |       |     7 |     5 |     3 |     3 |    11 ||    29
         Box of beasts     |       |       |       |       |     1 |       ||     1
         Condenser vane    |       |       |       |       |     1 |     1 ||     2
         Phial of floods   |       |       |       |       |     1 |       ||     1
    Use: Scroll            |       |     6 |       |     4 |     6 |    12 ||    28
         Potion            |       |       |       |       |       |     7 ||     7
   Stab: Paralysed         |       |     4 |       |       |       |     4 ||     8
         Distracted        |       |       |     1 |       |       |       ||     1
         Sleeping          |       |       |       |       |     1 |       ||     1
 Armour: Leather armour    |    47 |   175 |   476 |   255 |   274 |       ||  1227
         Ring mail         |       |       |       |       |    64 |   594 ||   658
         Troll leather arm |       |       |       |       |    20 |       ||    20
  Dodge: Dodged            |    62 |   134 |   271 |   157 |   248 |   388 ||  1260
  Block: Kite shield       |       |       |       |       |   183 |   531 ||   714
